Description

See the baseline version of this build for the description and analysis.

Replay - ShoWTimE v Socke: Game 2 - Catalyst LE

Build Order

Get SALT Encoding   

  1  0:00  Probe x2 (Chrono Boost)  
  14  0:18  Pylon  
  14  0:23  Probe (Chrono Boost)  
  15  0:36  Gateway  
  15  0:38  Probe (Chrono Boost)  
  15  0:42  Assimilator  
  17  0:50  Probe (Chrono Boost)  
  17  0:52  Assimilator  
  17  0:59  Probe (Chrono Boost)  
  18  1:05  Gateway, Probe (Chrono Boost)  
  19  1:16  Probe (Chrono Boost)  
  20  1:23  Cybernetics Core  
  20  1:28  Probe (Chrono Boost)  
  21  1:38  Pylon  
  22  1:40  Probe (Chrono Boost)  
  22  1:41  Warp Gate  
  23  2:00  Adept x2  
  27  2:27  Stalker x2  
  31  2:39  Nexus  
  31  2:45  Pylon  
  31  3:00  Robotics Facility  
  31  3:04  Sentry x2  
  35  3:14  Shield Battery  
  35  3:24  Shield Battery  
  35  3:31  Shield Battery  
  36  3:43  Immortal  
  36  3:46  Stalker  
  44  4:04  Sentry  
  46  4:12  Pylon  
  48  4:17  Phoenix  
  47  4:27  Observer  
  51  4:40  Pylon  
  53  4:51  Twilight Council  
  61  5:07  Immortal  
  61  5:10  Phoenix  
  62  5:19  Blink  
  66  5:29  Shield Battery  
  66  5:30  Assimilator  
  65  5:39  Stalker  
  68  5:46  Immortal  
  72  5:50  Assimilator  
  74  6:12  Robotics Bay  
  76  6:19  Gateway x2  
  76  6:20  Forge  
  77  6:25  Observer  
  77  6:26  Phoenix  
  77  6:36  Nexus  
  77  6:39  Warp Prism  
  79  6:47  Robotics Facility  
  81  6:55  Phoenix  
  81  6:58  Protoss Ground Weapons Level 1  
  83  7:03  Disruptor, Shield Battery  
  88  7:17  Shield Battery  
  88  7:27  Charge  
  90  7:32  Disruptor x2  
  93  7:42  Shield Battery  
  98  7:54  Stalker x2  
  102  7:59  Disruptor x2  
  102  8:00  Shield Battery  
  102  8:10  Stalker  
  113  8:25  Zealot x2  
  120  8:34  Disruptor  
  120  8:35  Stalker  
  120  8:36  Assimilator  
  120  8:40  Protoss Ground Weapons Level 2  
  125  8:42  Assimilator  
  125  8:54  Gateway x3  
  123  8:58  Disruptor  
  113  9:08  Zealot x4  
  126  9:31  Stalker x2  
  126  9:38  Nexus  
Spawning Tool Build Advisor. Get it on Overwolf

Go to:

Details

Become a Patron
  • Created by: Gemini_19    
  • Published on: Nov 16, 2017
  • Modified on: Nov 17, 2017
  • Patch: 4.0.0
Show
View Real Time Build Order
Export as new Build Order

Comments (0)

There are no comments. Be the first!

Create an account to comment!